 Dungeon Crawl Stone Soup version 0.27-a0-686-gaed091b46b (webtiles) character file.

Game seed: 16270350268101493848

105 Allula97 the Chopper (level 4, 0/35 HPs)
             Began as a Demonspawn Gladiator on Mar 21, 2021.
             Slain by an orc priest
             ... wielding a +0 short sword
              (6 damage)
             ... on level 3 of the Dungeon.
             The game lasted 00:03:34 (1940 turns).

Allula97 the Chopper (Demonspawn Gladiator)         Turns: 1940, Time: 00:03:36

Health: 0/35       AC:  7    Str: 22    XL:     4   Next: 54%
Magic:  4/4        EV: 12    Int: 15    God:
Gold:   56         SH:  0    Dex: 14    Spells: 3/3 levels left

rFire    . . .     SeeInvis .   a - +0 war axe
rCold    . . .     Faith    .   (no shield)
rNeg     . . .     Spirit   .   f - +0 ring mail
rPois    .         Reflect  .   c - +0 helmet
rElec    .         Harm     .   (no cloak)
rCorr    .         Rampage  .   (no gloves)
Will     .....                  (no boots)
Stlth    +.........             (no amulet)
HPRegen  0.11/turn              e - +6 ring of strength
MPRegen  0.09/turn              i - +6 ring of intelligence

@: no status effects
A: talons 1, rugged brown scales 1, foul stench 1
a: no special abilities


You were on level 3 of the Dungeon.
You visited 1 branch of the dungeon, and saw 3 of its levels.

You collected 56 gold pieces.

Inventory:

Hand Weapons
 a - a +0 war axe (weapon)
Missiles
 d - 3 throwing nets (quivered)
 n - 4 curare-tipped darts
Armour
 b - a +0 leather armour
 c - a +0 helmet (worn)
 f - a +0 ring mail (worn)
Jewellery
 e - a +6 ring of strength (right hand)
 i - a +6 ring of intelligence (left hand)
Scrolls
 j - a scroll of blinking {unknown}
 l - 3 scrolls of identify {unknown}
Potions
 g - a potion of lignification {unknown}
 h - a potion of mutation {unknown}
 k - a potion of degeneration {unknown}
 m - a potion of curing {unknown}


   Skills:
 * Level 2.4 Fighting
 * Level 3.8 Axes
 - Level 1.7 Throwing
 * Level 1.1 Armour
 * Level 3.2 Dodging
 * Level 0.9 Stealth


You had 3 spell levels left.
You didn't know any spells.
Your spell library contained the following spells:

 Spells                   Type           Power      Damage    Failure   Level
 Confusing Touch          Hex            0%         N/A       78%         3
 Gell's Gravitas          Tloc           0%         N/A       78%         3
 Petrify                  Tmut/Erth      0%         N/A       99%         4
 Metabolic Englaciation   Hex/Ice        0%         N/A       100%        5
 Yara's Violent Unravell  Hex/Tmut       0%         3d3       100%        5


Dungeon Overview and Level Annotations

Branches:
Dungeon (3/15)

Altars:


Innate Abilities, Weirdness & Mutations

You have sharp toenails.
You are partially covered in rugged brown scales. (AC +1, +3% HP)
You may rarely emit foul miasma when damaged in melee.


Message History

A bat and an orc come into view.
The orc shouts!
You hear a shout!
An orc priest comes into view. It is wielding a +0 short sword.
An orc comes into view.
Found a stone staircase leading down. 2 orcs come into view.
The orc shouts! x3
The bat barely misses you.
The orc priest invokes the aid of Beogh against you.
Beogh smites you!
Found a short sword.
Found a stone staircase leading down.
The bat closely misses you. The bat hits you. The bat barely misses you. x2
You barely miss the bat. The bat misses you.
You hit the bat.
You kill the bat!
The orc hits you but does no damage.
You barely miss the orc. You claw the orc.
The orc is heavily wounded.
The orc closely misses you.
You closely miss the orc. You claw the orc.
You kill the orc!
The orc priest calls down the wrath of Beogh upon you.
Beogh smites you!
* * * LOW HITPOINT WARNING * * *
The orc barely misses you.
You slash the orc!
You kill the orc!
You barely miss the orc. The orc closely misses you.
The orc priest looks satisfied for a moment.
You slash the orc!
You kill the orc!
You barely miss the orc priest.
You claw the orc priest, but do no damage.
The orc priest invokes the aid of Beogh against you.
Pain shoots through your body!
* * * LOW HITPOINT WARNING * * *
The orc priest hits you with a +0 short sword.
You die...

.........
#.....>..
#.....o..
#........
#........
#...o)...
#....>...
#.######### ##
#oo@......# #.
#########.# #. #.#
#. #.# #####.
###'### #.....
#####.....# #...<.
#.........###.....
#...........+.....
#...†......##.....


You could see an orc priest and an orc.

Vanquished Creatures
  A gnoll (D:1)
  4 adders
  A worm (D:2)
  A dart slug (D:1)
  A leopard gecko (D:1)
  3 orcs (D:3)
  2 giant cockroaches (D:2)
  3 goblins
  5 hobgoblins
  7 jackals
  6 kobolds
  6 bats
  5 frilled lizards
  4 rats
49 creatures vanquished.

Notes
Turn   | Place    | Note
-------+----------+-------------------------------------------
     0 | D:1      | Allula97 the Demonspawn Gladiator began the quest for the
                  | Orb.
     0 | D:1      | Reached XP level 1. HP: 16/16 MP: 1/1
   177 | D:1      | Gained mutation: You are partially covered in rugged brown
                  | scales. (AC +1, +3% HP) [demonic ancestry]
   177 | D:1      | Reached XP level 2. HP: 4/22 MP: 2/2
   918 | D:1      | Gained mutation: You have sharp toenails. [demonic
                  | ancestry]
   918 | D:1      | Reached XP level 3. HP: 27/27 MP: 3/3
  1527 | D:2      | Reached skill level 1 in Armour
  1527 | D:2      | Gained mutation: You may rarely emit foul miasma when
                  | damaged in melee. [demonic ancestry]
  1527 | D:2      | Reached XP level 4. HP: 32/33 MP: 4/4
  1940 | D:3      | Slain by an orc priest

Illustrated notes

Levels and vault maps discovered:
D:1:      dpeg_arrival_shrine, layout_basic
D:2:      layout_rooms
D:3:      layout_basic, uniq_terence

Skill      XL: |  1  2  3 |
---------------+----------+-----
Axes           | 3 |  3.8
Dodging        | 3 |  3.2
Armour         | 1 |  1.1
Fighting       | |  2.4
Throwing       | |  1.7
Stealth        | |  0.9

Action                   |  1- 3 |  4- 6 || total
-------------------------+-------+-------++-------
Melee: War axe           |    78 |    32 ||   110
       Kick              |     6 |    10 ||    16
 Stab: Sleeping          |     1 |       ||     1
Armor: Leather armour    |     2 |       ||     2
       Ring mail         |    24 |     7 ||    31
Dodge: Dodged            |    53 |    29 ||    82

Table legend: (Time is in decaauts)
 A = Elapsed time spent in this place.
 B = Non-inter-level travel time spent in this place.
 C = Inter-level travel time spent in this place.
 D = Time resting spent in this place.
 E = Time spent auto-exploring this place.
 F = Levels seen in this place.
 G = Mean time per level.
                   A        B        C        D        E       F      G
               +--------+--------+--------+--------+--------+-----+--------+
         Total |   1975 |   1944 |     31 |    497 |   1012 |   3 |  658.3 |
       Dungeon |   1975 |   1944 |     31 |    497 |   1012 |   3 |  658.3 |
               +--------+--------+--------+--------+--------+-----+--------+

Top non-repeatable levels by time:
     D:1: 1050 daAuts
     D:2: 670 daAuts
     D:3: 255 daAuts
